AoeStats
← willrhyd

Black Forest

506614574Analyzed
1v1 RM · 19d ago on Sep 14, 2026· 54m 14s· 2 players
Game mode
Random Map
Map size
Tiny (2 player)
Population
200
Speed
Normal
Resources
Standard
Victory
Conquest
Starting age
Dark Age
Ending age
Imperial Age
RankedLock teamsTeams togetherTeam positionsShared explorationLock speedFull tech treeHidden civsTurbo modeCheats
Victory
Defeat
🇬🇧 Portuguese · United Kingdom
1519
+15
🇩🇪 Gurjaras · Germany
1507
-15
Bonkershealer
0:38 Loom
1:21 Loom
13:33 Feudal Age
15:43 Double-Bit Axe
16:19 Fishing Lines
21:31 Castle Age
28:22 Horse Collar
29:24 Heavy Plow
29:34 Bow Saw
35:02 Imperial Age
32:18 Town Watch
32:46 Light Cavalry
33:36 Bloodlines
34:18 Husbandry
34:33 Scale Barding Armor
36:27 Devotion
36:13 Hussar
37:49 Forging
39:04 Chain Barding Armor
39:21 Iron Casting
39:20 Ballistics
39:07 Onager
41:03 Chemistry
40:08 Gillnets
40:51 Elite Elephant Archer
42:42 Thumb Ring
44:13 Padded Archer Armor
45:44 Wheelbarrow
45:09 Town Patrol
49:56 Hand Cart
51:02 Ballistics
50:52 Masonry
54:02 Fletching
54:28 Leather Archer Armor
54:04 Siege Elephant
willrhyd
1:02 Loom
12:57 Feudal Age
13:41 Double-Bit Axe
19:08 Castle Age
17:39 Horse Collar
20:06 Bow Saw
24:09 Redemption
26:05 Sanctity
26:22 Wheelbarrow
31:42 Imperial Age
31:21 Stone Mining
33:24 Chemistry
33:06 Block Printing
32:28 Pikeman
36:52 Halberdier
38:54 Murder Holes
39:12 Fortified Wall
39:46 Scale Mail Armor
41:03 Siege Engineers
41:19 Forging
42:42 Chain Mail Armor
43:02 Iron Casting
42:17 Town Watch
44:55 Arquebus
46:10 Plate Mail Armor
46:16 Conscription
45:29 Elite Organ Gun
48:50 Ballistics
52:28 Fletching
Connection lost

Rejoining the realm…

Still unreachable

The connection could not be restored.

Session expired

The server has moved on; the page needs a fresh start.